 Dungeon Crawl Stone Soup version 0.21-a0-50-g941c862 (webtiles) character file.

1773 graymark the Distorting Demonspawn (level 8, -2/58 HPs)
             Began as a Demonspawn Abyssal Knight on June 11, 2017.
             Was a Believer of Lugonu.
             Killed by divine providence
             ... invoked by an orc priest
              (13 damage)
             ... on level 6 of the Dungeon.
             The game lasted 00:25:42 (5744 turns).

graymark the Distorting Demonspawn (DsAK)           Turns: 5744, Time: 00:25:42

Health: -2/58      AC: 12    Str: 12    XL:     8   Next: 80%
Magic:  13/13      EV: 14    Int: 14    God:    Lugonu [**....]
Gold:   332        SH:  0    Dex: 15    Spells: 7/7 levels left

rFire    + + .     SeeInvis .   e - +2 rapier of Risk Management {pierce, +Inv rF++}
rCold    + . .     Gourm    .   (no shield)
rNeg     . . .     Faith    .   p - +0 leather armour {rC+}
rPois    +         Spirit   .   (helmet restricted)
rElec    .         Reflect  .   s - scarf {repulsion}
rCorr    +         Harm     .   (no gloves)
MR       .....     Clarity  +   m - +2 pair of boots
Stlth    +++.......             i - amulet of magic regeneration
Regen    0.2/turn               (no ring)
MPRegen  0.2/turn               r - ring of resist corrosion

@: sanguine armour, repel missiles
A: horns 1, clarity, demonic guardian 2, poison resistance, powered by death 1,
sanguine armour 1
a: Depart the Abyss, Bend Space, Renounce Religion, Evoke Invisibility


You were on level 6 of the Dungeon.
You worshipped Lugonu.
Lugonu was pleased with you.
You were not hungry.

You visited 1 branch of the dungeon, and saw 6 of its levels.
You visited the Abyss 1 time.

You collected 332 gold pieces.

Inventory:

Hand Weapons
 a - a +1 hand axe
 e - the +2 rapier of Risk Management (weapon) {pierce, +Inv rF++}
   (You found it on level 2 of the Abyss)

   It inflicts extra damage upon your enemies.
   It greatly protects you from fire.
   It lets you turn invisible.
 x - a +2 dagger of draining
Armour
 j - a +0 buckler
 m - a +2 pair of boots (worn)
 p - a +0 leather armour of cold resistance (worn)
 s - a scarf of repulsion (worn)
 u - a +0 ring mail
Jewellery
 g - an uncursed ring of teleportation
 i - an amulet of magic regeneration (around neck)
 r - a ring of resist corrosion (right hand)
Scrolls
 b - 2 scrolls of identify
 f - 8 scrolls of teleportation
 k - a scroll of recharging
 t - a scroll of enchant weapon {unknown}
 w - a scroll of fog
 y - a scroll of amnesia {unknown}
 A - a scroll of noise {unknown}
 B - a scroll of remove curse
Potions
 d - a potion of might
 l - 2 potions of curing
 q - a potion of magic
 v - a potion of invisibility {unknown}
 z - a potion of heal wounds
Comestibles
 c - 3 bread rations
 n - 3 meat rations
 o - a royal jelly


   Skills:
 - Level 3.4 Fighting
 + Level 4.7 Short Blades
 - Level 2.1 Axes
 - Level 2.6 Armour
 + Level 5.0 Dodging
 + Level 4.9 Stealth
 + Level 7.8 Invocations


You had 7 spell levels left.
You didn't know any spells.

Dungeon Overview and Level Annotations

Branches:
Dungeon (6/15)
 Temple: D:4-7

Altars:
Cheibriados
Kikubaaqudgha
Uskayaw

Shops:
D:4 }

Annotations:
D:4 exclusion: downstairs
D:5 exclusion: sky beast
D:6 Eustachio


Innate Abilities, Weirdness & Mutations

You have a pair of small horns on your head.
A demonic guardian rushes to your aid.
You regenerate a little health from kills.
When seriously injured, your bleeding wounds create armour. (AC +6)
You possess an exceptional clarity of mind.
Your system is resistant to poisons. (rPois)


Message History

Your soul eater hits the orc warrior!
The orc warrior dies!
Lugonu accepts your kill.
Your soul eater hits the orc!
The orc dies!
Lugonu accepts your kill.
The orc priest barely misses your soul eater.
There is an open door here.
As you close the door, it creaks loudly!
You start resting.
An orc priest opens the door.
It is wielding a dagger.
The orc priest calls down the wrath of Beogh upon you.
Beogh smites you!
* * * LOW HITPOINT WARNING * * *
The orc priest closely misses you.
There is an open door here.
You closely miss the orc priest.
The orc priest mumbles some strange prayers to Beogh against you.
Beogh smites you!
You die...

#..#.#.#.#.#..#
##.####.####.##
#..##.⌠.##..#######
#.#.##.##.........#
#.##..#..##.###....
#.##....###.###.#.#
#.......#.....#.#..
######.....#.....#.###
#..oo@.....#.....#.###
#.####.........###.#..
#.# #......##.# #.###
#.# #........## #.##.
#.# ##.....##.## #.#..
#.# #..........# #.#..
#3# #.....###..###....
#o# #...[.# #....####.
#.# #.....# #.##......


You could see 2 orc priests.

Vanquished Creatures
  Pikel (D:4)
  Duvessa (D:4)
  2 slaves (D:4)
  An ice beast (D:6)
  A sky beast (D:5)
  3 ogres
  A centaur (D:6)
  Dowan (D:4)
  A water moccasin zombie (D:6)
  A centaur zombie (D:6)
  An orc priest (D:3)
  2 hounds
  3 worker ants
  3 iguanas
  5 adders
  3 shadow imps
  An ooze (D:4)
  A worm (D:4)
  2 dart slugs
  4 leopard geckos
  9 orcs
  8 bats
  3 giant cockroaches
  5 goblins
  10 hobgoblins
  2 jackals (D:4)
  5 kobolds
  A ball python (D:3)
  3 frilled lizards
  6 rats
90 creatures vanquished.

Vanquished Creatures (collateral kills)
  A sky beast (D:5)
  An orc warrior (D:6)
  A centaur (D:5)
  Blork the orc (D:5)
  An orc (D:6)
5 creatures vanquished.

Grand Total: 95 creatures vanquished

Notes
Turn   | Place    | Note
-------+----------+-------------------------------------------
     0 | Abyss:1  | graymark the Demonspawn Abyssal Knight began the quest for the Orb.
     0 | Abyss:1  | Reached XP level 1. HP: 18/18 MP: 2/2
    46 | Abyss:2  | Got an ebony rapier
    47 | D:1      | Escaped the Abyss
    48 | D:1      | Identified the cursed +2 rapier of Risk Management {pierce, +Inv rF++} (You found it on level 2 of the Abyss)
   135 | D:1      | Reached skill level 1 in Dodging
   216 | D:1      | Gained mutation: You regenerate a little health from kills. [demonic ancestry]
   216 | D:1      | Reached XP level 2. HP: 14/24 MP: 4/4
   829 | D:2      | Reached * piety under Lugonu
  1044 | D:2      | Reached skill level 3 in Invocations
  1080 | D:2      | Gained mutation: You have a pair of small horns on your head. [demonic ancestry]
  1080 | D:2      | Reached XP level 3. HP: 29/29 MP: 5/5
  1323 | D:3      | Reached skill level 1 in Short Blades
  1323 | D:3      | Reached XP level 4. HP: 26/35 MP: 6/6
  1390 | D:3      | Reached skill level 4 in Invocations
  1703 | D:3      | Reached ** piety under Lugonu
  1703 | D:3      | Gained mutation: When seriously injured, your bleeding wounds create armour. (AC +6) [demonic ancestry]
  1703 | D:3      | Reached XP level 5. HP: 24/41 MP: 8/8
  2287 | D:4      | Found Duthu's Gadget Boutique.
  2287 | D:4      | Noticed Duvessa
  2288 | D:4      | Noticed Dowan
  2455 | D:4      | Noticed a slave
  2455 | D:4      | Noticed a slave
  2456 | D:4      | Noticed Pikel
  2493 | D:4      | Killed a slave
  2605 | D:4      | Noticed a slave
  2638 | D:4      | Killed a slave
  2706 | D:4      | Noticed an ogre
  2861 | D:4      | Noticed a slave
  3430 | D:4      | Gained mutation: You possess an exceptional clarity of mind. [potion of mutation]
  3430 | D:4      | Gained mutation: Your system is resistant to poisons. (rPois) [potion of mutation]
  3435 | D:4      | Killed Duvessa
  3435 | D:4      | Reached skill level 1 in Stealth
  3435 | D:4      | Reached XP level 6. HP: 31/47 MP: 9/9
  3440 | D:4      | Killed Dowan
  3440 | D:4      | Reached skill level 5 in Invocations
  4060 | D:5      | Entered Level 5 of the Dungeon
  4060 | D:5      | Noticed a sky beast
  4327 | D:5      | Noticed a dagger
  4328 | D:5      | Found a hide-covered altar of Uskayaw.
  4328 | D:5      | Noticed a hand axe
  4367 | D:5      | Gained mutation: A weak demonic guardian rushes to your aid. [demonic ancestry]
  4367 | D:5      | Reached XP level 7. HP: 42/52 MP: 11/11
  4597 | D:5      | Noticed Blork the orc
  4609 | D:5      | Killed Blork the orc
  4609 | D:5      | Reached skill level 6 in Invocations
  4623 | D:5      | Found a snail-covered altar of Cheibriados.
  4819 | D:4      | Killed Pikel
  4819 | D:4      | Reached skill level 7 in Invocations
  4819 | D:4      | Gained mutation: A demonic guardian rushes to your aid. [demonic ancestry]
  4819 | D:4      | Reached XP level 8. HP: 36/58 MP: 11/13
  5164 | D:6      | Noticed Eustachio
  5225 | D:6      | Found an ancient bone altar of Kikubaaqudgha.
  5720 | D:6      | Reached skill level 5 in Dodging
  5744 | D:6      | Killed from afar by an orc priest

Vault maps used:
D:1:      nicolae_arrival_washed_ashore
D:3:      kennysheep_another_room, serial_park_tiny_2
D:4:      serial_bayou, serial_bayou_pond_c, serial_bayou_pond_e,
          serial_bayou_pond_a, serial_bayou_pond_e, serial_bayou_lake_a,
          serial_shops, shop, uniq_duvessa, uniq_pikel
D:5:      dancing_weapons_uskayaw, kennysheep_little_box, first_bread,
          uniq_blork_the_orc
D:6:      kiku_gazebo_garden_becter, grunt_decor_mini_mirrors, uniq_eustachio

Skill      XL: |  1  2  3  4  5  6  7  8 |
---------------+-------------------------+-----
Dodging        | 1 2 3 4 5 |  5.0
Axes           | 2 |  2.1
Armour         | 2 |  2.6
Invocations    | 3 4 5 7 |  7.8
Short Blades   | 1 2 4 |  4.7
Stealth        | 1 2 4 |  4.9
Fighting       | |  3.4

Action                   |  1- 3 |  4- 6 |  7- 9 || total
-------------------------+-------+-------+-------++-------
Melee: Rapier            |    68 |   161 |    76 ||   305
       Headbutt          |     5 |    26 |    17 ||    48
       Dagger            |       |     4 |     9 ||    13
Invok: Depart the Abyss  |     1 |       |       ||     1
       Bend Space        |       |     2 |       ||     2
  Use: Scroll            |     2 |     8 |     1 ||    11
       Potion            |       |     2 |     2 ||     4
 Stab: Sleeping          |       |     2 |     2 ||     4
  Eat: Chunk             |     1 |    10 |     4 ||    15
Armor: Leather armour    |    18 |    48 |    16 ||    82
Dodge: Dodged            |    49 |   111 |    40 ||   200
       Deflected         |       |     1 |       ||     1
